| TOP OF THE 1ST |
|
Columbus Clippers batting - Pitching for Salt Lake Bees : RHP Harambe Vick
|
|
Pitching: RHP Harambe Vick
|
|
|
Batting: LHB John Harring
|
0-0: Swinging Strike 0-1: Ball 1-1: Fly out, F7 (Line Drive, 7S, EV 100.6 MPH)
|
|
Batting: LHB Corey Trevor
|
0-0: Called Strike 0-1: Ball 1-1: Foul Ball, location: 2F 1-2: Ball 2-2: Foul Ball, location: 2F 2-2: Ball 3-2: Ground out 4-3 (Groundball, 4, EV 102.5 MPH)
|
|
Batting: LHB Brent Albertson
|
0-0: Called Strike 0-1: Ball 1-1: SINGLE (Groundball, 4MD, EV 102.5 MPH)
|
|
Batting: RHB Christian Blue
|
0-0: Called Strike Brent Albertson steals 2nd base (no throw) 0-1: Swinging Strike 0-2: SINGLE (Groundball, 56D, EV 96.2 MPH) Brent Albertson to third Runner from 3rd tries for Home, SAFE, throw by LF to home
|
|
Batting: RHB John Shaffer
|
0-0: Called Strike Christian Blue steals 2nd base (no throw) 0-1: Foul Ball, location: 2F 0-2: Ball 1-2: Fly out, F6 (Popup, 6M, EV 72.5 MPH)
|
| Top of the 1st over - 1 run, 2 hits, 0 errors, 1 left on base; Columbus 1 - Salt Lake 0 |
| BOTTOM OF THE 1ST |
|
Salt Lake Bees batting - Pitching for Columbus Clippers : RHP Eduardo Garcia
|
|
Pitching: RHP Eduardo Garcia
|
|
|
Batting: RHB Melvin Gomez
|
0-0: Ball 1-0: Swinging Strike 1-1: Foul Ball, location: 2F 1-2: DOUBLE (Line Drive, 9LM, EV 115.0 MPH)
|
|
Batting: RHB Justin Lauderdale
|
0-0: Foul Ball, location: 2F 0-1: Fly out, F4 (Popup, 34, EV 73.1 MPH)
|
|
Batting: LHB Rusty Ney
|
0-0: Ball 1-0: Ball 2-0: Foul Ball, location: 2F 2-1: Foul Ball, location: 2F 2-2: Foul Ball, location: 2F 2-2: Foul Ball, location: 2F 2-2: SINGLE (Flyball, 8LS, EV 91.9 MPH) Melvin Gomez to third Runner from 3rd tries for Home, SAFE, throw by CF to home
|
|
Batting: LHB Micah Miller
|
0-0: Grounds into double play, 4-6-3 (Groundball, 4, EV 102.5 MPH)
|
| Bottom of the 1st over - 1 run, 2 hits, 0 errors, 0 left on base; Columbus 1 - Salt Lake 1 |
| TOP OF THE 2ND |
|
Columbus Clippers batting - Pitching for Salt Lake Bees : RHP Harambe Vick
|
|
Batting: RHB Armando Galindo
|
0-0: Called Strike 0-1: Foul Ball, location: 2F 0-2: Strikes out swinging
|
|
Batting: RHB Chris Diaz
|
0-0: Ball 1-0: Foul Ball, location: 2F 1-1: Ground out 6-3 (Groundball, 6M, EV 108.8 MPH)
|
|
Batting: RHB Harris Leroux
|
0-0: Foul Ball, location: 2F 0-1: SINGLE (Line Drive, 89M, EV 85.0 MPH)
|
|
Batting: RHB Tai Joo
|
0-0: Swinging Strike 0-1: Foul Ball, location: 2F 0-2: Fly out, F9 (Flyball, 9, EV 85.0 MPH)
|
| Top of the 2nd over - 0 runs, 1 hit, 0 errors, 1 left on base; Columbus 1 - Salt Lake 1 |
| BOTTOM OF THE 2ND |
|
Salt Lake Bees batting - Pitching for Columbus Clippers : RHP Eduardo Garcia
|
|
Batting: RHB Juan Rosa
|
0-0: Called Strike 0-1: SINGLE (Flyball, 5D, EV 83.8 MPH)
|
|
Batting: RHB Jose Pineda
|
0-0: Called Strike 0-1: Ball 1-1: Swinging Strike 1-2: Foul Ball, location: 2F 1-2: Foul Ball, location: 2F 1-2: Ball 2-2: Strikes out swinging
|
|
Batting: SHB Butch Brown
|
0-0: Ball 1-0: Swinging Strike 1-1: Foul Ball, location: 2F 1-2: Ball 2-2: Ball 3-2: Foul Ball, location: 2F 3-2: Base on Balls Juan Rosa to second
|
|
Batting: LHB Jorge Zermeno
|
0-0: Ball 1-0: Fly out, F8 (Flyball, 8LD, EV 96.9 MPH)
|
|
Batting: RHB Oren Jones
|
0-0: Ball 1-0: Ball 2-0: Fly out, F8 (Flyball, 78M, EV 75.6 MPH)
|
| Bottom of the 2nd over - 0 runs, 1 hit, 0 errors, 2 left on base; Columbus 1 - Salt Lake 1 |
| TOP OF THE 3RD |
|
Columbus Clippers batting - Pitching for Salt Lake Bees : RHP Harambe Vick
|
|
Batting: LHB John Harring
|
0-0: Ball 1-0: Ball 2-0: Foul Ball, location: 2F 2-1: Swinging Strike 2-2: Strikes out swinging
|
|
Batting: LHB Corey Trevor
|
0-0: Fly out, F9 (Flyball, 9, EV 88.8 MPH)
|
|
Batting: LHB Brent Albertson
|
0-0: Called Strike 0-1: Ball 1-1: Ball 2-1: Ball 3-1: Called Strike 3-2: Ground out 6-3 (Groundball, 6, EV 86.9 MPH)
|
| Top of the 3rd over - 0 runs, 0 hits, 0 errors, 0 left on base; Columbus 1 - Salt Lake 1 |
| BOTTOM OF THE 3RD |
|
Salt Lake Bees batting - Pitching for Columbus Clippers : RHP Eduardo Garcia
|
|
Batting: RHB Melvin Gomez
|
0-0: Reached on error, E5 (Groundball, 56, EV 105.0 MPH)
|
|
Batting: RHB Justin Lauderdale
|
0-0: Ball 1-0: Ball Melvin Gomez is caught stealing 2nd base 2-4 2-0: Called Strike 2-1: Called Strike 2-2: Ball 3-2: Ground out 1-3 (Groundball, 34S, EV 67.5 MPH)
|
|
Batting: LHB Rusty Ney
|
0-0: Ball 1-0: Called Strike 1-1: Called Strike 1-2: Ball 2-2: Ball 3-2: Base on Balls
|
|
Batting: LHB Micah Miller
|
0-0: Ball 1-0: SINGLE (Groundball, 6M, EV 81.2 MPH) (infield hit) Rusty Ney to second
|
|
Batting: RHB Juan Rosa
|
0-0: Ball 1-0: Ball 2-0: Called Strike 2-1: Ball 3-1: Fly out, F8 (Flyball, 8LD, EV 96.9 MPH)
|
| Bottom of the 3rd over - 0 runs, 1 hit, 1 error, 2 left on base; Columbus 1 - Salt Lake 1 |
| TOP OF THE 4TH |
|
Columbus Clippers batting - Pitching for Salt Lake Bees : RHP Harambe Vick
|
|
Batting: RHB Christian Blue
|
0-0: Ball 1-0: Ground out 4-3 (Groundball, 4, EV 85.0 MPH)
|
|
Batting: RHB John Shaffer
|
0-0: Ball 1-0: Ball 2-0: Called Strike 2-1: Foul Ball, location: 2F 2-2: Strikes out swinging
|
|
Batting: RHB Armando Galindo
|
0-0: Called Strike 0-1: Ball 1-1: Foul Ball, location: 2F 1-2: Strikes out looking
|
| Top of the 4th over - 0 runs, 0 hits, 0 errors, 0 left on base; Columbus 1 - Salt Lake 1 |
| BOTTOM OF THE 4TH |
|
Salt Lake Bees batting - Pitching for Columbus Clippers : RHP Eduardo Garcia
|
|
Batting: RHB Jose Pineda
|
0-0: Foul Ball, location: 2F 0-1: Ball 1-1: Ground out 4-3 (Groundball, 4, EV 101.9 MPH)
|
|
Batting: SHB Butch Brown
|
0-0: Called Strike 0-1: Called Strike 0-2: Ball 1-2: SINGLE (Groundball, 6MS, EV 61.9 MPH) (infield hit)
|
|
Batting: LHB Jorge Zermeno
|
0-0: Reached on error, E4 (Groundball, 34, EV 96.9 MPH) Butch Brown to third
|
|
Batting: RHB Oren Jones
|
0-0: SINGLE (Groundball, 6MD, EV 96.2 MPH) Butch Brown scores Jorge Zermeno to third
|
|
Batting: RHB Melvin Gomez
|
0-0: Called Strike 0-1: Foul Ball, location: 2F 0-2: Foul Ball, location: 2F 0-2: Ball 1-2: Strikes out looking
|
|
Batting: RHB Justin Lauderdale
|
0-0: Ball 1-0: Ball 2-0: Called Strike 2-1: Foul Ball, location: 2F 2-2: Ground out 6-3 (Groundball, 6MD, EV 100.6 MPH)
|
| Bottom of the 4th over - 1 run, 2 hits, 1 error, 2 left on base; Columbus 1 - Salt Lake 2 |
| TOP OF THE 5TH |
|
Columbus Clippers batting - Pitching for Salt Lake Bees : RHP Harambe Vick
|
|
Batting: RHB Chris Diaz
|
0-0: SINGLE (Groundball, 6MD, EV 104.4 MPH)
|
|
Batting: RHB Harris Leroux
|
0-0: Called Strike 0-1: Ball 1-1: Fly out, F8 (Flyball, 8LD, EV 100.6 MPH)
|
|
Batting: RHB Tai Joo
|
0-0: Ball 1-0: Ball 2-0: Ball 3-0: Called Strike 3-1: Swinging Strike 3-2: Strikes out swinging
|
|
Batting: LHB John Harring
|
0-0: Called Strike 0-1: SINGLE (Line Drive, 56D, EV 100.0 MPH) Chris Diaz to second
|
|
Batting: LHB Corey Trevor
|
0-0: Ball 1-0: Called Strike 1-1: Ball 2-1: Swinging Strike 2-2: Ball 3-2: Base on Balls Chris Diaz to third John Harring to second
|
|
Batting: LHB Brent Albertson
|
0-0: Ball 1-0: Ball 2-0: GRAND SLAM HOME RUN (Flyball, 8LXD, EV 110.0 MPH), Distance : 439 ft
|
|
Pitching: RHP Jose Alvarado
|
|
|
Batting: RHB Christian Blue
|
0-0: Fly out, F8 (Flyball, 78D, EV 103.1 MPH)
|
| Top of the 5th over - 4 runs, 3 hits, 0 errors, 0 left on base; Columbus 5 - Salt Lake 2 |
| BOTTOM OF THE 5TH |
|
Salt Lake Bees batting - Pitching for Columbus Clippers : RHP Eduardo Garcia
|
|
Batting: LHB Rusty Ney
|
0-0: Foul Ball, location: 2F 0-1: Ball 1-1: Ground out 6-3 (Groundball, 6, EV 90.6 MPH)
|
|
Batting: LHB Micah Miller
|
0-0: Ball 1-0: Foul Ball, location: 2F 1-1: Called Strike 1-2: Fly out, F8 (Flyball, 8RM, EV 95.6 MPH)
|
|
Batting: RHB Juan Rosa
|
0-0: Ball 1-0: Ball 2-0: Swinging Strike 2-1: Called Strike 2-2: Fly out, F7 (Flyball, 7LM, EV 83.1 MPH)
|
| Bottom of the 5th over - 0 runs, 0 hits, 0 errors, 0 left on base; Columbus 5 - Salt Lake 2 |
| TOP OF THE 6TH |
|
Columbus Clippers batting - Pitching for Salt Lake Bees : RHP Jose Alvarado
|
|
Batting: RHB John Shaffer
|
0-0: Called Strike 0-1: Swinging Strike 0-2: Ball 1-2: Ball 2-2: Strikes out swinging
|
|
Batting: RHB Armando Galindo
|
0-0: Ball 1-0: Ball 2-0: Called Strike 2-1: Foul Ball, location: 2F 2-2: Fly out, F8 (Line Drive, 89D, EV 96.2 MPH)
|
|
Batting: RHB Chris Diaz
|
0-0: Ball 1-0: Foul Ball, location: 2F 1-1: Ground out 4-3 (Groundball, 4M, EV 114.4 MPH)
|
| Top of the 6th over - 0 runs, 0 hits, 0 errors, 0 left on base; Columbus 5 - Salt Lake 2 |
| BOTTOM OF THE 6TH |
|
Salt Lake Bees batting - Pitching for Columbus Clippers : RHP Eduardo Garcia
|
|
Batting: RHB Jose Pineda
|
0-0: Ball 1-0: Ground out 6-3 (Groundball, 6, EV 86.9 MPH)
|
|
Batting: SHB Butch Brown
|
0-0: Ball 1-0: Ball 2-0: Ball 3-0: Called Strike 3-1: Base on Balls
|
|
Batting: LHB Jorge Zermeno
|
0-0: Foul Ball, location: 2F 0-1: Ball 1-1: Called Strike 1-2: Strikes out swinging
|
|
Pitching: RHP Luis Lorez
|
|
|
Batting: RHB Oren Jones
|
0-0: Called Strike 0-1: Ball 1-1: Ball 2-1: Foul Ball, location: 2F 2-2: Foul Ball, location: 2F Pickoff Throw to First - Out! 1-3
|
| Bottom of the 6th over - 0 runs, 0 hits, 0 errors, 0 left on base; Columbus 5 - Salt Lake 2 |
| TOP OF THE 7TH |
|
Columbus Clippers batting - Pitching for Salt Lake Bees : RHP Jose Alvarado
|
|
Pitching: RHP Joe Butler
|
|
|
Batting: RHB Harris Leroux
|
0-0: SINGLE (Groundball, 34D, EV 104.4 MPH)
|
|
Batting: RHB Tai Joo
|
0-0: Called Strike 0-1: Fly out, F3 (Popup, 34S, EV 75.6 MPH)
|
|
Batting: LHB John Harring
|
0-0: Called Strike 0-1: Ball 1-1: Called Strike 1-2: Hit by Pitch Harris Leroux to second
|
|
Batting: LHB Corey Trevor
|
0-0: Ball 1-0: Called Strike 1-1: Swinging Strike 1-2: Fly out, F9 (Flyball, 89M, EV 90.0 MPH)
|
|
Batting: LHB Brent Albertson
|
0-0: Called Strike 0-1: Swinging Strike 0-2: Strikes out swinging
|
| Top of the 7th over - 0 runs, 1 hit, 0 errors, 2 left on base; Columbus 5 - Salt Lake 2 |
| BOTTOM OF THE 7TH |
|
Salt Lake Bees batting - Pitching for Columbus Clippers : RHP Luis Lorez
|
|
Batting: RHB Oren Jones
|
0-0: Fly out, F7 (Line Drive, 7LM, EV 93.8 MPH)
|
|
Batting: RHB Melvin Gomez
|
0-0: Called Strike 0-1: Called Strike 0-2: Foul Ball, location: 2F 0-2: Ball 1-2: Ground out 6-3 (Groundball, 6, EV 94.4 MPH)
|
|
Batting: RHB Justin Lauderdale
|
0-0: Called Strike 0-1: SINGLE (Groundball, 56D, EV 102.5 MPH) (infield hit)
|
|
Batting: LHB Rusty Ney
|
0-0: Ball Justin Lauderdale steals 2nd base 1-0: Called Strike 1-1: Ball 2-1: Ball 3-1: Swinging Strike 3-2: Base on Balls
|
|
Batting: LHB Micah Miller
|
0-0: Foul Ball, location: 2F 0-1: Swinging Strike 0-2: Ball 1-2: Ball 2-2: Strikes out swinging
|
| Bottom of the 7th over - 0 runs, 1 hit, 0 errors, 2 left on base; Columbus 5 - Salt Lake 2 |
| TOP OF THE 8TH |
|
Columbus Clippers batting - Pitching for Salt Lake Bees : RHP Joe Butler
|
|
Batting: RHB Christian Blue
|
0-0: Ball 1-0: Swinging Strike 1-1: Foul Ball, location: 2F 1-2: Ball 2-2: Ball 3-2: Ground out U3 (Groundball, 13, EV 86.9 MPH)
|
|
Batting: RHB John Shaffer
|
0-0: Called Strike 0-1: Foul Ball, location: 2F 0-2: Strikes out looking
|
|
Batting: RHB Armando Galindo
|
0-0: Swinging Strike 0-1: Swinging Strike 0-2: Strikes out looking
|
| Top of the 8th over - 0 runs, 0 hits, 0 errors, 0 left on base; Columbus 5 - Salt Lake 2 |
| BOTTOM OF THE 8TH |
|
Salt Lake Bees batting - Pitching for Columbus Clippers : RHP Luis Lorez
|
|
Pitching: RHP Josh Hughes
|
|
|
Batting: RHB Juan Rosa
|
0-0: Ball 1-0: Ball 2-0: Foul Ball, location: 2F 2-1: SINGLE (Groundball, 6, EV 96.9 MPH)
|
|
Batting: RHB Jose Pineda
|
0-0: Fly out, F8 (Flyball, 8RM, EV 83.8 MPH)
|
|
Batting: SHB Butch Brown
|
0-0: Foul Ball, location: 2F 0-1: Fielders Choice at 2nd, 4-6 (Groundball, 4, EV 86.9 MPH)
|
|
Batting: LHB Jorge Zermeno
|
0-0: Swinging Strike 0-1: Called Strike 0-2: Ball 1-2: Strikes out swinging
|
| Bottom of the 8th over - 0 runs, 1 hit, 0 errors, 1 left on base; Columbus 5 - Salt Lake 2 |
| TOP OF THE 9TH |
|
Columbus Clippers batting - Pitching for Salt Lake Bees : RHP Joe Butler
|
|
Pitching: RHP Nick Madrid
|
|
|
Batting: RHB Chris Diaz
|
0-0: Called Strike 0-1: Swinging Strike 0-2: Strikes out swinging
|
|
Batting: RHB Harris Leroux
|
0-0: Called Strike 0-1: Ball 1-1: SINGLE (Groundball, 5S, EV 75.0 MPH) (infield hit)
|
|
Batting: RHB Tai Joo
|
0-0: Ball 1-0: Foul Ball, location: 2F 1-1: Ball 2-1: Ball 3-1: Called Strike 3-2: Strikes out swinging
|
|
Batting: LHB John Harring
|
0-0: Fielders Choice at 2nd, U6 (Groundball, 6M, EV 90.0 MPH)
|
| Top of the 9th over - 0 runs, 1 hit, 0 errors, 1 left on base; Columbus 5 - Salt Lake 2 |
| BOTTOM OF THE 9TH |
|
Salt Lake Bees batting - Pitching for Columbus Clippers : RHP Josh Hughes
|
|
Pitching: RHP Jeff Degel
|
|
|
Batting: RHB Oren Jones
|
0-0: Called Strike 0-1: Fly out, F8 (Line Drive, 8RS, EV 95.6 MPH)
|
|
Batting: RHB Melvin Gomez
|
0-0: Called Strike 0-1: Ground out 5-3 (Groundball, 56, EV 97.5 MPH)
|
|
Batting: RHB Justin Lauderdale
|
0-0: Ball 1-0: Called Strike 1-1: Ground out 5-3 (Groundball, 56, EV 106.2 MPH)
|
| Bottom of the 9th over - 0 runs, 0 hits, 0 errors, 0 left on base; Columbus 5 - Salt Lake 2 |
|